 Dungeon Crawl Stone Soup version 0.19-a0-1738-gbb2db12 (webtiles) character file.

165 Naow the Chopper (level 5, 0/69 HPs)
             Began as a Minotaur Berserker on Oct 1, 2016.
             Was a Believer of Trog.
             Slain by a wight
             ... wielding a +3 trident
              (8 damage)
             ... on level 3 of the Dungeon.
             The game lasted 00:03:11 (1454 turns).

Naow the Chopper (Minotaur Berserker)               Turns: 1454, Time: 00:03:13

Health: 0/69       AC:  6    Str: 26    XL:     5   Next: 21%
Magic:  4/4        EV: 10    Int:  5    God:    Trog [**....]
Gold:   88         SH:  0    Dex: 10    Spells: 0 memorised, 4 levels left

rFire  . . .     SeeInvis .     a - +0 hand axe
rCold  . . .     Gourm    .     n - +0 scale mail
rNeg   . . .     Faith    .     (no shield)
rPois  .         Spirit   .     (helmet restricted)
rElec  .         Dismiss  .     (no cloak)
rCorr  .         Reflect  .     (no gloves)
MR     .....     Harm     .     (no boots)
Stlth  ..........               (no amulet)
                                (no ring)
                                (no ring)

@: berserking, drained, very quick
A: retaliatory headbutt, horns 2
a: Berserk, Trog's Hand, Burn Spellbooks, Renounce Religion


You were on level 3 of the Dungeon.
You worshipped Trog.
Trog was pleased with you.
You were not hungry.

You visited 1 branch of the dungeon, and saw 3 of its levels.

You collected 88 gold pieces.

Inventory:

Hand Weapons
 a - a +0 hand axe (weapon)
Armour
 b - a +0 animal skin
 n - a +0 scale mail (worn)
Jewellery
 i - a +4 ring of dexterity {unknown}
 l - a cursed ring of loudness {unknown}
Scrolls
 d - a scroll of magic mapping {unknown}
 f - 2 scrolls of fear {unknown}
 k - 4 scrolls of identify {unknown}
 o - a scroll of amnesia {unknown}
 p - a scroll of noise {unknown}
Potions
 e - 2 potions of brilliance {unknown}
 h - a potion of heal wounds {unknown}
 m - a potion of berserk rage {unknown}
Comestibles
 c - 3 bread rations
 g - 8 chunks of flesh
 j - a meat ration


   Skills:
 - Level 3.9(3.3) Fighting
 + Level 6.9(6.2) Axes
 - Level 2.6(1.9) Armour
 - Level 2.1(1.5) Dodging


You had 4 spell levels left.
You didn't know any spells.

Dungeon Overview and Level Annotations

Branches:
Dungeon (3/15)

Altars:


Innate Abilities, Weirdness & Mutations

You reflexively headbutt those who attack you in melee.
You have a pair of horns on your head.


Message History

You kill the bat!
Trog accepts your kill.
The wight hits you with an enchanted trident!
You feel drained.
You completely miss the wight.
The wight hits you with an enchanted trident!
You hit the wight.
The wight is moderately damaged.
You hit the wight but do no damage. The wight hits you with a scimitar!
* * * LOW HITPOINT WARNING * * *
You feel drained.
* * * LOW HITPOINT WARNING * * *
The wight misses you.
A red film seems to cover your vision as you go berserk!
You feel yourself moving faster!
You feel mighty!
You feel somewhat more hungry. The wight barely misses you.
The wight hits you with a scimitar.
* * * LOW HITPOINT WARNING * * *
The wight hits you with an enchanted trident!
You die...

.......##.#
.#.......#.#
.........#.#
...........
..........#
##........#
.....)zz..######
......z@.....[..
........###.....
...#............ .
#####........
#...........
##..........#
#...........# . ..
###............
.##.
####...)..........


You could see 3 wights.

Vanquished Creatures
  A wyvern zombie (D:3)
  An orc priest (D:3)
  2 adders (D:2)
  3 worms
  2 dart slugs (D:2)
  A leopard gecko (D:1)
  3 orcs (D:3)
  3 giant cockroaches
  3 goblins
  8 hobgoblins
  2 jackals (D:2)
  A quokka (D:2)
  3 bats
  4 frilled lizards
  6 rats
43 creatures vanquished.

Notes
Turn   | Place    | Note
-------+----------+-------------------------------------------
     0 | D:1      | Naow the Minotaur Berserker began the quest for the Orb.
     0 | D:1      | Reached XP level 1. HP: 19/19 MP: 0/0
   387 | D:1      | Reached XP level 2. HP: 17/27 MP: 1/1
   591 | D:2      | Reached skill level 4 in Axes
   632 | D:2      | Reached XP level 3. HP: 30/33 MP: 2/2
   706 | D:2      | Reached ** piety under Trog
   861 | D:2      | Reached skill level 5 in Axes
  1365 | D:3      | Reached skill level 6 in Axes
  1365 | D:3      | Reached XP level 4. HP: 20/40 MP: 3/3
  1394 | D:3      | Reached XP level 5. HP: 36/46 MP: 4/4
  1454 | D:3      | Slain by a wight

Vault maps used:
D:1:      dpeg_arrival_rooms_c
D:2:      corexii_hall_statues_i, minmay_misc_feat_alley
D:3:      portal_sewer_entry_b

Skill      XL: |  1  2  3 |
---------------+----------+-----
Axes           | 4 6 |  6.9
Fighting       | |  3.9
Armour         | |  2.6
Dodging        | |  2.1

Action                   |  1- 3 |  4- 6 || total
-------------------------+-------+-------++-------
Melee: Hand axe          |    77 |    12 ||    89
       Headbutt          |    11 |     1 ||    12
Invok: Berserk           |       |     2 ||     2
       Trog's Hand       |       |     1 ||     1
  Eat: Chunk             |     1 |     2 ||     3
Armor: Animal skin       |     7 |       ||     7
       Scale mail        |     7 |     3 ||    10
Dodge: Dodged            |    42 |     7 ||    49
